 Dungeon Crawl Stone Soup version 0.22.0-60-ga52c2fc (webtiles) character file.

71 Anon1729 the Chopper (level 4, -2/40 HPs)
             Began as a Naga Gladiator on Sept 9, 2018.
             Killed from afar by Natasha (5 damage)
             ... with a magic dart
             ... on level 2 of the Dungeon.
             The game lasted 00:01:25 (1366 turns).

Anon1729 the Chopper (Naga Gladiator)               Turns: 1366, Time: 00:01:26

Health: -2/40      AC:  4    Str: 15 (16) XL:     4   Next: 24%
Magic:  4/4        EV: 10    Int: 11 (14) God:
Gold:   37         SH:  0    Dex: 12 (13) Spells: 3/3 levels left

rFire    . . .     SeeInvis +   a - +0 war axe
rCold    . . .     Gourm    .   (no shield)
rNeg     . . .     Faith    .   b - +0 leather armour
rPois    +         Spirit   .   c - +0 helmet
rElec    .         Reflect  .   (no cloak)
rCorr    .         Harm     .   (no gloves)
MR       .....                  (no barding)
Stlth    +.........             (no amulet)
HPRegen  0.13/turn              (no ring)
MPRegen  0.09/turn              (no ring)

@: brilliant, lethally poisoned (-2 -> -9), very slow
A: large, see invisible, deformed body, poison resistance, slowness 2, slow
metabolism 1, spit poison 1, AC +1
a: Spit Poison


You were on level 2 of the Dungeon.
You were not hungry.

You visited 1 branch of the dungeon, and saw 2 of its levels.

You collected 37 gold pieces.

Inventory:

Hand Weapons
 a - a +0 war axe (weapon)
Missiles
 d - 3 throwing nets (quivered)
Armour
 b - a +0 leather armour (worn)
 c - a +0 helmet (worn)
Scrolls
 h - a scroll of remove curse {unknown}
 i - a scroll of enchant weapon {unknown}
 j - a scroll of enchant armour {unknown}
Potions
 e - 2 potions of brilliance
Comestibles
 f - 3 rations
 g - a chunk of flesh


   Skills:
 + Level 2.6 Fighting
 * Level 3.7 Axes
 - Level 2.0 Throwing
 + Level 1.1 Armour
 + Level 2.8 Dodging


You had 3 spell levels left.
You didn't know any spells.
Your spell library was empty.

Dungeon Overview and Level Annotations

Branches:
Dungeon (2/15)

Altars:

Annotations:
D:2 Natasha


Innate Abilities, Weirdness & Mutations

You cannot wear boots.
Your serpentine skin is tough. (AC +1)
You have supernaturally acute eyesight. (SInv)
Armour fits poorly on your strangely shaped body.
Your system is resistant to poisons. (rPois)
You cover ground very slowly.
You have a slow metabolism.
You can spit poison.


Message History

You feel weakened.
You feel dopey.
You feel clumsy.
* * * LOW HITPOINT WARNING * * *
You feel sick. The worker ant closely misses you.
Natasha mumbles some strange words.
Unknown command.
You hit the worker ant but do no damage.
The worker ant is almost dead.
You closely miss the crimson imp. You hit Natasha.
* * * LOW HITPOINT WARNING * * *
You feel sick. The worker ant misses you. Natasha barely misses you.
The crimson imp hits you.
* * * LOW HITPOINT WARNING * * *
The worker ant barely misses you.
You closely miss the worker ant.
The worker ant is almost dead.
You closely miss the crimson imp. You hit Natasha. Natasha closely misses you.
The worker ant barely misses you.
The crimson imp blinks!
Natasha casts a spell at you. The magic dart hits you!
You die...

# ........# #
###..#..#.# #
#.......#.# #
##.#..#.... #
..........# #
..........# #
......§h..# #
5.....a@..# #
......))..# #
####+##'#### #
...........# #
####.#..##.# #
.#####.#.(##.#
#
.........(##.#
#
..........##.#
# #
.........÷...#
#.#


You could see a worker ant, Natasha and a crimson imp.

Vanquished Creatures
  Natasha (D:2)
  An ooze (D:1)
  A worm (D:2)
  A dart slug (D:1)
  2 giant cockroaches (D:1)
  5 goblins
  3 hobgoblins (D:1)
  4 jackals (D:1)
  8 kobolds
  5 bats
  2 frilled lizards
  2 rats (D:1)
35 creatures vanquished.

Notes
Turn   | Place    | Note
-------+----------+-------------------------------------------
     0 | D:1      | Anon1729 the Naga Gladiator began the quest for the Orb.
     0 | D:1      | Reached XP level 1. HP: 19/19 MP: 1/1
     3 | D:1      | Noticed an electric eel
     3 | D:1      | Noticed an electric eel
    92 | D:1      | Reached XP level 2. HP: 15/26 MP: 2/2
   623 | D:1      | Reached XP level 3. HP: 31/33 MP: 3/3
  1080 | D:2      | Noticed Natasha
  1085 | D:2      | Killed Natasha
  1085 | D:2      | Reached skill level 1 in Armour
  1085 | D:2      | Reached XP level 4. HP: 23/40 MP: 4/4
  1359 | D:2      | Noticed Natasha
  1365 | D:2      | HP: 2/40 [crimson imp[Natasha] (4)]
  1366 | D:2      | Killed from afar by Natasha

Skill      XL: |  1  2  3 |
---------------+----------+-----
Throwing       | 2 |  2.0
Armour         | 1 |  1.1
Fighting       | |  2.6
Axes           | |  3.7
Dodging        | |  2.8

Action                   |  1- 3 |  4- 6 || total
-------------------------+-------+-------++-------
Melee: War axe           |    56 |    37 ||    93
  Use: Potion            |       |     2 ||     2
 Stab: Sleeping          |     1 |       ||     1
  Eat: Chunk             |       |     1 ||     1
Armor: Leather armour    |    29 |     8 ||    37
Dodge: Dodged            |    35 |    41 ||    76
